 Dungeon Crawl Stone Soup version 0.26.1-11-gd32895ea62 (webtiles) character file.

Game seed: 12752552097327738609

27445 dtburroughs the Cleaver (level 13, -24/117 HPs)
             Began as a Minotaur Berserker on July 24, 2021.
             Was a High Priest of Trog.
             Killed from afar by a fire dragon (41 damage)
             ... with a blast of flame
             ... on level 1 of the Lair of Beasts.
             The game lasted 00:28:41 (17764 turns).

dtburroughs the Cleaver (Minotaur Berserker)       Turns: 17764, Time: 00:28:42

Health: -24/117    AC: 18    Str: 30    XL:     13   Next: 4%
Magic:  12/12      EV: 12    Int:  7    God:    Trog [*****.]
Gold:   195        SH: 15    Dex: 10    Spells: 12/12 levels left

rFire    . . .     SeeInvis .   M - +4 broad axe (flame)
rCold    . . .     Faith    +   B - +2 kite shield {reflect}
rNeg     . . .     Spirit   .   y - +0 plate armour
rPois    .         Reflect  +   (helmet restricted)
rElec    .         Harm     .   a - +0 cloak
rCorr    +         Rampage  .   (no gloves)
Will     ++...                  e - +0 pair of boots
Stlth    ..........             H - amulet of faith
HPRegen  1.29/turn              m - +6 ring of strength
MPRegen  0.13/turn              J - ring of resist corrosion

@: regenerating
A: retaliatory headbutt, horns 2
a: Renounce Religion, Berserk, Trog's Hand, Brothers in Arms


You were on level 1 of the Lair of Beasts.
You worshipped Trog.
Trog was extremely pleased with you.
You visited 2 branches of the dungeon, and saw 14 of its levels.

You collected 1051 gold pieces.
You spent 856 gold pieces at shops.

Inventory:

Hand Weapons
 G - a +7 vorpal battleaxe
 M - a +4 broad axe of flaming (weapon)
Armour
 a - a +0 cloak (worn)
 e - a +0 pair of boots (worn)
 y - a +0 plate armour (worn)
 B - a +2 kite shield of reflection (worn)
Jewellery
 k - an uncursed amulet of regeneration
 l - an uncursed amulet of reflection
 m - a +6 ring of strength (left hand)
 v - an uncursed ring of magical power
 A - a +4 ring of evasion
 H - an amulet of faith (around neck)
 J - a ring of resist corrosion (right hand)
Wands
 c - a wand of flame (53)
 s - a wand of iceblast (14)
 C - a wand of polymorph (2)
 F - a wand of random effects (28)
 I - a wand of disintegration (14)
 K - a wand of digging (12)
Scrolls
 b - 4 scrolls of identify
 g - 10 scrolls of remove curse
 j - 12 scrolls of teleportation
 o - a scroll of random uselessness {unknown}
 p - 4 scrolls of noise {unknown}
 q - 3 scrolls of fear
 r - 5 scrolls of blinking
 t - 6 scrolls of enchant armour {unknown}
 u - a scroll of fog {unknown}
 w - 2 scrolls of enchant weapon {unknown}
 x - 4 scrolls of magic mapping {unknown}
 E - a scroll of acquirement {unknown}
Potions
 d - a potion of attraction {unknown}
 f - 2 potions of curing
 h - 2 potions of haste
 i - a potion of flight {unknown}
 n - 2 potions of resistance {unknown}
 z - 2 potions of magic {unknown}
 D - 3 potions of might
 L - 2 potions of mutation {unknown}
 N - a potion of invisibility


   Skills:
 + Level 11.8 Fighting
 + Level 11.9 Axes
 + Level 11.6 Armour
 + Level 10.8 Dodging
 + Level 11.3 Shields
 + Level 5.5 Evocations


You had 12 spell levels left.
You didn't know any spells.
Your spell library was empty.

Dungeon Overview and Level Annotations

Branches:
Dungeon (13/15)            Temple (0/1) D:5            Lair (1/6) D:9
    Orc (0/2) D:10
 Vaults: D:13-14

Altars:
Ashenzari
Dithmenos
Gozag
Makhleb
Okawaru
Qazlal
Trog
Vehumet
Yredelemnul
The Shining One
Beogh

Shops:
D:7 ([[   D:8 *   D:9 =   D:12 *

Annotations:
D:4 3 runed translucent doors, RipUnclePhilFR's ghost, novice OpTm
Lair:1 2 runed translucent doors, Ekaitz's ghost, journeyman NaWr


Innate Abilities, Weirdness & Mutations

You reflexively headbutt those who attack you in melee.
You have a pair of horns on your head.


Message History

You feel strong-willed. You block the fire dragon's attack.
The fire dragon barely misses you. You block the fire dragon's attack.
As you read the scroll of fear, it crumbles to dust.
You assume a fearsome visage.
The fire dragon looks frightened!
You fail to use your ability.
Your ogre goes berserk!
Your ogre hits the fire dragon with a +0 giant club!!
Your ogre rages.
The fire dragon seems to regain its courage.
Your ogre barely misses the fire dragon.
Your ogre closely misses the fire dragon.
Cornered, the fire dragon turns to fight!
The fire dragon breathes flames at you. The blast of flame hits you!!
* * * LOW HITPOINT WARNING * * *
Found 38 gold pieces and a scroll of teleportation.
The fire dragon breathes flames at you. The blast of flame hits you!!!
You die...

#.# #.# ..# ### #
######### # ####...O§≈D#
###### ##......§§§≈##
.....#####.......§§§≈≈##
####............@≈≈≈≈≈≈#
#####.........≈≈≈≈$$#
###......≈≈≈..$$$
##....≈≈≈....?$
###..≈≈≈≈....?
############


You could see a friendly ogre (summoned, berserk).

Vanquished Creatures
  Snorg (D:12)
  Harold (D:10)
  A hydra (Lair:1)
  2 boulder beetles (D:11)
  2 two-headed ogres
  A tengu warrior (D:13)
  Nergalle (D:12)
  An ugly thing (D:11)
  A black mamba (Lair:1)
  A manticore (D:9)
  12 cane toads (Lair:1)
  Maggie (D:10)
  A rime drake (Lair:1)
  2 komodo dragons (Lair:1)
  3 trolls
  Grinder (D:5)
  A wyvern (D:10)
  A vampire (D:11)
  3 shadows
  3 wraiths
  25 yaks
  A basilisk (Lair:1)
  A steam dragon (D:12)
  A soldier ant (D:11)
  4 water moccasins
  10 orc warriors
  2 ice beasts
  3 sky beasts
  An eye of draining (D:10)
  A hornet zombie (D:9)
  3 phantoms
  11 black bears
  7 wolves (Lair:1)
  5 ogres
  5 centaurs
  12 bullfrogs
  Blork the orc (D:5)
  4 big kobolds
  A wyvern skeleton (D:6)
  8 scorpions
  9 wights
  12 killer bees (D:8)
  An electric eel (D:9)
  6 howler monkeys
  3 quasits
  3 centaur zombies
  8 hounds
  4 jellies
  3 centaur skeletons
  7 orc priests
  3 bullfrog skeletons
  14 orc wizards
  3 iguanas
  12 worker ants
  A hound zombie (D:10)
  A howler monkey zombie (D:6)
  4 gnolls (D:7)
  8 adders
  2 shadow imps (D:5)
  A white imp (D:7)
  2 oozes
  2 ufetubi (D:9)
  An adder skeleton (D:6)
  An adder zombie (D:8)
  2 worms
  2 dart slugs (D:1)
  3 leopard geckos
  62 orcs
  11 bats
  10 giant cockroaches
  6 goblins
  6 hobgoblins
  9 jackals
  21 kobolds
  8 quokkas
  A ball python (D:2)
  7 frilled lizards
  2 gnoll zombies (D:5)
  2 jackal zombies
  A leopard gecko skeleton (D:5)
  A leopard gecko zombie (D:7)
  A quokka skeleton (D:4)
  7 rats
419 creatures vanquished.

Vanquished Creatures (collateral kills)
  An orc priest (D:7)
  4 orcs (D:7)
5 creatures vanquished.

Vanquished Creatures (others)
  A wizard (D:10)
  59 fungi
  49 plants
109 creatures vanquished.

Grand Total: 533 creatures vanquished

Notes
Turn   | Place    | Note
-------+----------+-------------------------------------------
     0 | D:1      | dtburroughs the Minotaur Berserker began the quest for the
                  | Orb.
     0 | D:1      | Reached XP level 1. HP: 19/19 MP: 0/0
   161 | D:1      | Found a glowing golden altar of the Shining One.
   165 | D:1      | Reached XP level 2. HP: 25/27 MP: 1/1
   180 | D:1      | Reached skill level 1 in Shields
   465 | D:1      | Reached XP level 3. HP: 33/33 MP: 2/2
   792 | D:2      | Reached ** piety under Trog
   850 | D:2      | Found an opulent altar of Gozag.
  1261 | D:2      | Found a stormy altar of Qazlal.
  1644 | D:3      | Reached XP level 4. HP: 33/40 MP: 3/3
  2490 | D:4      | Reached XP level 5. HP: 37/47 MP: 4/4
  3091 | D:4      | Reached XP level 6. HP: 53/55 MP: 5/5
  3264 | D:4      | Found a shadowy altar of Dithmenos.
  3355 | D:4      | Reached *** piety under Trog
  3405 | D:4      | Reached skill level 5 in Fighting
  3405 | D:4      | Reached skill level 5 in Axes
  3798 | D:4      | Found a runed translucent gate.
  3798 | D:4      | Noticed RipUnclePhilFR's ghost (novice OpTm)
  3812 | D:4      | Identified the +6 hand axe of Trog's Esteem {vorpal,
                  | *Contam rPois rF+ Will+}
  3813 | D:4      | Found a runed translucent gate.
  3814 | D:4      | Found a runed translucent gate.
  3820 | D:4      | Found a roughly hewn altar of Beogh.
  3997 | D:5      | Entered Level 5 of the Dungeon
  4088 | D:5      | Reached XP level 7. HP: 57/61 MP: 6/6
  4512 | D:5      | Found a staircase to the Ecumenical Temple.
  4781 | D:5      | Found a basalt altar of Yredelemnul.
  5140 | D:5      | Noticed Blork the orc
  5144 | D:5      | Killed Blork the orc
  5224 | D:5      | Noticed Grinder
  5224 | D:5      | Paralysed by Grinder for 5 turns
  5239 | D:5      | Killed Grinder
  5240 | D:5      | Reached skill level 5 in Armour
  5605 | D:6      | Reached skill level 5 in Dodging
  5605 | D:6      | Reached XP level 8. HP: 62/70 MP: 7/7
  5739 | D:6      | Found a broken altar of Ashenzari.
  5740 | D:6      | Found an iron altar of Okawaru.
  5747 | D:6      | Reached skill level 5 in Shields
  6165 | D:6      | Found a radiant altar of Vehumet.
  6621 | D:7      | Found Afiff's Antique Armour Shop.
  6709 | D:7      | Reached **** piety under Trog
  6722 | D:7      | Found Xomidom's Armour Shop.
  6757 | D:7      | Bought a +2 kite shield of reflection for 240 gold pieces
  6897 | D:7      | Reached XP level 9. HP: 55/79 MP: 8/8
  7548 | D:7      | Found Jilamigu's Weapon Shop.
  8557 | D:8      | Found Utwix's General Store.
  8566 | D:8      | Bought a scroll of teleportation for 39 gold pieces
  8566 | D:8      | Bought a scroll of blinking for 97 gold pieces
  8603 | D:8      | Found a burning altar of Makhleb.
  8767 | D:9      | Found Anwea's Jewellery Shoppe.
  8888 | D:9      | Reached XP level 10. HP: 90/90 MP: 9/9
  8913 | D:9      | Reached ***** piety under Trog
  8949 | D:9      | Noticed a manticore
  8960 | D:9      | Killed a manticore
  9180 | D:9      | Found a staircase to the Lair.
  9573 | D:9      | Noticed a two-headed ogre
  9587 | D:9      | Killed a two-headed ogre
  9587 | D:9      | Received a gift from Trog
 10080 | D:10     | Entered Level 10 of the Dungeon
 10253 | D:10     | Noticed Harold
 10287 | D:10     | Killed Harold
 10288 | D:10     | Reached skill level 1 in Evocations
 10311 | D:9      | Reached XP level 11. HP: 57/99 MP: 10/10
 10514 | D:10     | Noticed Maggie
 10525 | D:10     | Killed Maggie
 10797 | D:10     | Reached skill level 10 in Axes
 11071 | D:10     | Found a bloodstained altar of Trog.
 11073 | D:10     | Noticed a wizard
 11078 | D:10     | Killed a wizard
 11258 | D:10     | Found a staircase to the Orcish Mines.
 11395 | D:11     | Reached skill level 10 in Fighting
 11422 | D:11     | Noticed a purple ugly thing
 11427 | D:11     | Killed a purple ugly thing
 11569 | D:11     | Noticed a boulder beetle
 11583 | D:11     | Killed a boulder beetle
 11689 | D:11     | Noticed a boulder beetle
 11726 | D:11     | Killed a boulder beetle
 11727 | D:11     | Reached skill level 10 in Armour
 12090 | D:11     | Received a gift from Trog
 13213 | D:12     | Noticed Nergalle
 13231 | D:12     | Killed Nergalle
 13390 | D:12     | Reached skill level 10 in Shields
 13596 | D:12     | Noticed a two-headed ogre
 13603 | D:12     | Killed a two-headed ogre
 13691 | D:12     | Noticed Snorg
 13707 | D:12     | Killed Snorg
 13708 | D:12     | Reached XP level 12. HP: 63/108 MP: 11/11
 13972 | D:12     | Found Viotayh's Assorted Antiques.
 14365 | D:9      | Bought an uncursed amulet of faith for 480 gold pieces
 14494 | D:13     | Noticed a tengu warrior
 14507 | D:13     | Killed a tengu warrior
 14508 | D:13     | Reached skill level 10 in Dodging
 15766 | Lair:1   | Entered Level 1 of the Lair of Beasts
 16396 | Lair:1   | Noticed an eight-headed hydra
 16432 | Lair:1   | Killed a five-headed hydra
 16433 | Lair:1   | Reached skill level 5 in Evocations
 16518 | Lair:1   | Found a stormy altar of Qazlal.
 16781 | Lair:1   | Received a gift from Trog
 17313 | Lair:1   | Found a large runed translucent door.
 17313 | Lair:1   | Found a large runed translucent door.
 17317 | Lair:1   | Noticed Ekaitz's ghost (journeyman NaWr)
 17462 | Lair:1   | Reached XP level 13. HP: 109/117 MP: 12/12
 17729 | Lair:1   | Noticed a fire dragon
 17764 | Lair:1   | Killed from afar by a fire dragon

Illustrated notes

Levels and vault maps discovered:
D:1:      doesnt_arrival_eight_statues, layout_rooms,
          minmay_misc_feat_nine_boxes, tso_metal_star
D:2:      layout_loops_cross, old_standard_altar,
          nicolae_qazlal_general_emergency
D:3:      layout_basic
D:4:      cheibrodos_thug_alley, layout_cave_pools, marbit_many_paths,
          serial_column_ruins, column_ruins_open_small,
          column_ruins_open_medium, column_ruins_columns_corner,
          column_ruins_columns_dead_end, biasface_ghost_orc_armoury,
          wad_rectangle_vault
D:5:      layout_layer_cave, lemuel_zombie_altar_yredelemnul,
          minmay_temple_entry_mist, uniq_grinder, uniq_blork_the_orc
D:6:      layout_loops_ring, amethyst_overflow_temple_binary,
          lemuel_coloured_pillars_altar
D:7:      layout_basic, serial_shops, shop, shop, shop
D:8:      layout_basic, kennysheep_little_box, serial_shops, shop
D:9:      layout_loops_cross, due_lair_maze_entry_diamond, serial_shops, shop,
          kennysheep_small_spiral
D:10:     layout_loops_ring, hiddenorc1_lemuel, trog_wizard, uniq_harold,
          uniq_maggie
D:11:     layout_layer_cave, kennysheep_doodads
D:12:     layout_loops_ring, serial_shops, nicolae_shop_overgrown_old_shop,
          uniq_nergalle, uniq_snorg
D:13:     layout_loops_corners
Lair:1:   dragon1_lemuel, layout_misc_corridors, ebering_ghost_disaster_area,
          basic_altar, fungi_pond_lemuel, st_stairs_3, beast_lair_carwin_7

Skill      XL: |  1  2  3  4  5  6  7  8  9 10 11 12 |
---------------+-------------------------------------+-----
Shields        | 1 2 3 4 6 7 9 10 11 | 11.3
Axes           | 4 5 6 7 8 9 10 11 | 11.9
Fighting       | 4 5 6 7 8 9 10 11 | 11.8
Armour         | 3 4 5 6 8 9 10 11 | 11.6
Dodging        | 3 4 5 6 7 8 9 10 | 10.8
Evocations     | 1 3 5 |  5.5

Action                   |  1- 3 |  4- 6 |  7- 9 | 10-12 | 13-15 || total
-------------------------+-------+-------+-------+-------+-------++-------
Melee: Hand axe          |    78 |     5 |       |       |       ||    83
       Headbutt          |    11 |    22 |    85 |   189 |     4 ||   311
       War axe           |       |   102 |   381 |   395 |       ||   878
       Unarmed           |       |       |     2 |       |       ||     2
       Broad axe         |       |       |       |   297 |    15 ||   312
Invok: Trog's Hand       |       |       |     6 |     6 |     1 ||    13
       Brothers in Arms  |       |       |     1 |       |     1 ||     2
       Berserk           |       |       |       |     3 |       ||     3
Evoke: Wand              |       |       |       |     7 |       ||     7
  Use: Scroll            |       |     7 |     2 |       |     4 ||    13
       Potion            |       |       |     1 |       |     1 ||     2
Armor: Ring mail         |    28 |    38 |       |       |       ||    66
       Plate armour      |       |     5 |   153 |   209 |     5 ||   372
Dodge: Dodged            |    52 |    68 |   107 |   143 |     6 ||   376
Block: Buckler           |    15 |    26 |    73 |       |       ||   114
       Reflection        |       |       |    12 |    16 |       ||    28
       Kite shield       |       |       |   232 |   565 |    12 ||   809
